 Dungeon Crawl Stone Soup version 0.19-a0-1672-g679cadd (webtiles) character file.

140 kae the Cudgeler (level 5, -6/41 HPs)
             Began as a Formicid Fighter on Sept 22, 2016.
             Mangled by a gnoll
             ... wielding a +1 whip of electrocution
              (19 damage)
             ... on level 3 of the Dungeon.
             The game lasted 00:02:11 (1931 turns).

kae the Cudgeler (Formicid Fighter)                 Turns: 1931, Time: 00:02:11

Health: -6/41      AC:  6    Str: 26    XL:     5   Next: 47%
Magic:  5/5        EV:  8    Int:  8    God:
Gold:   164        SH: 10    Dex: 10    Spells: 0 memorised, 4 levels left

rFire  . . .     SeeInvis +     a - +0 flail
rCold  . . .     Gourm    .     b - +0 scale mail
rNeg   . . .     Faith    .     e - +0 shield
rPois  .         Spirit   .     (helmet unavailable)
rElec  .         Dismiss  .     (no cloak)
rCorr  .         Reflect  .     (no gloves)
MR     .....     Harm     .     (no boots)
Stlth  ..........               (no amulet)
                                (no ring)
                                (no ring)

@: mighty
A: permanent stasis, dig shafts and tunnels, four strong arms, antennae 3
a: Dig, Shaft Self


You were on level 3 of the Dungeon.
You were hungry.

You visited 1 branch of the dungeon, and saw 3 of its levels.

You collected 164 gold pieces.

Inventory:

Hand Weapons
 a - a +0 flail (weapon)
Armour
 b - a +0 scale mail (worn)
 e - a +0 shield (worn)
Jewellery
 g - an uncursed ring of protection from cold {unknown}
 i - an uncursed ring of resist corrosion {unknown}
Scrolls
 h - a scroll of amnesia {unknown}
 k - a scroll of random uselessness {unknown}
 l - 2 scrolls of magic mapping {unknown}
 m - 4 scrolls of identify {unknown}
 q - 3 scrolls of remove curse {unknown}
 r - 3 scrolls of enchant armour {unknown}
 s - a scroll of noise {unknown}
 w - 2 scrolls of teleportation {unknown}
 x - a scroll of fear {unknown}
Potions
 c - a potion of berserk rage
 j - a potion of flight {unknown}
 n - a potion of invisibility {unknown}
 o - a potion of resistance {unknown}
 u - a potion of agility {unknown}
Comestibles
 f - 6 bread rations
 t - a meat ration
 v - 2 beef jerkies


   Skills:
 - Level 3.2 Fighting
 + Level 5.2 Maces & Flails
 - Level 3.2 Armour
 - Level 3.6 Shields


You had 4 spell levels left.
You didn't know any spells.

Dungeon Overview and Level Annotations

Branches:
Dungeon (3/15)

Altars:
Sif Muna
Zin


Innate Abilities, Weirdness & Mutations

You are under a permanent stasis effect.
You can dig through walls and to a lower floor.
Your four strong arms can wield two-handed weapons with a shield.
You have a pair of large antennae on your head. (SInv)


Message History

You hit the gnoll.
The gnoll is moderately wounded.
The gnoll hits you but does no damage.
You are electrocuted!
* * * LOW HITPOINT WARNING * * *
The orc wizard casts a spell.
The orc wizard blinks!
You block the gnoll's attack.
You are too injured to fight recklessly!
You are too injured to fight recklessly!
You are too injured to fight recklessly!
You feel better. The gnoll barely misses you. x2
A jackal and an orc wizard come into view.
You closely miss the gnoll.
The gnoll is moderately wounded.
The jackal barks!
The orc wizard shouts!
The gnoll barely misses you. The gnoll closely misses you.
You hit the gnoll.
The gnoll is severely wounded.
The gnoll hits you with a whip of electrocution.
You are electrocuted!
You die...

.....+#.#.#.#.#.#.#..
.....#.#.#.#.#.#.#+..
.....+#.#.#.#.#.#.#
.....#.#.#.#o#h#.#.
.....########gg###
.....# ##h## .....#
#gg# .....# ##g##
.....# #.@# .....#
##.# ..#### #... ..#
##..# ..######## .>..
..(....... ...#.
.......... ...# #
#.....(... ....
#.........


You could see an orc wizard, 4 gnolls, 2 jackals and a goblin.

Vanquished Creatures
  An orc wizard (D:3)
  A gnoll (D:2)
  3 adders
  2 oozes
  A worm (D:3)
  3 dart slugs
  3 leopard geckos
  An orc (D:3)
  6 giant cockroaches
  2 goblins
  4 hobgoblins
  3 jackals
  2 quokkas
  4 ball pythons
  5 bats
  4 frilled lizards
  7 kobolds
  6 rats
58 creatures vanquished.

Notes
Turn   | Place    | Note
-------+----------+-------------------------------------------
     0 | D:1      | kae the Formicid Fighter began the quest for the Orb.
     0 | D:1      | Reached XP level 1. HP: 18/18 MP: 1/1
   196 | D:1      | Reached XP level 2. HP: 24/24 MP: 2/2
   373 | D:1      | Reached skill level 3 in Maces & Flails
   502 | D:1      | Reached XP level 3. HP: 29/29 MP: 3/3
  1091 | D:2      | Found a glowing silver altar of Zin.
  1175 | D:2      | Reached XP level 4. HP: 32/35 MP: 4/4
  1180 | D:2      | Reached skill level 4 in Maces & Flails
  1324 | D:2      | Found a deep blue altar of Sif Muna.
  1746 | D:3      | Reached XP level 5. HP: 35/41 MP: 5/5
  1923 | D:3      | Reached skill level 5 in Maces & Flails
  1931 | D:3      | Mangled by a gnoll

Vault maps used:
D:1:      evilmike_arrival_plus
D:2:      lemuel_blue_sif_altar, nicolae_overflow_hidden_temple, first_bread,
          hangedman_decor_peaks_small, minmay_hexomino_c4

Skill      XL: |  1  2  3  4  5 |
---------------+----------------+-----
Maces & Flails | 3 4 5 |  5.2
Fighting       | |  3.2
Armour         | |  3.2
Shields        | |  3.6

Action                   |  1- 3 |  4- 6 || total
-------------------------+-------+-------++-------
Melee: Flail             |    87 |   118 ||   205
  Use: Potion            |       |     4 ||     4
  Eat: Chunk             |     1 |     2 ||     3
Armor: Scale mail        |    38 |    54 ||    92
Dodge: Dodged            |    30 |    53 ||    83
Block: Shield            |    56 |    86 ||   142
